 Dungeon Crawl Stone Soup version 0.17.0-22-g5edae84 (console) character file.

20 gw the Shooter (level 2, -1/20 HPs)
             Began as a High Elf Hunter on Nov 12, 2015.
             Slain by a jackal (3 damage)
             ... on level 1 of the Dungeon.
             The game lasted 00:00:58 (709 turns).

gw the Shooter (High Elf Hunter)                     Turns: 709, Time: 00:00:58

Health: -1/20      AC:  3    Str: 11    XL:     2   Next: 58%
Magic:  3/3        EV: 12    Int: 14    God:
Gold:   21         SH:  0    Dex: 15    Spells: 0 memorised, 1 level left

rFire  . . .     SeeInvis .     c - +0 short sword
rCold  . . .     Clarity  .     d - +0 leather armour
rNeg   . . .     SustAt   .     (no shield)
rPois  .         Gourm    .     (no helmet)
rElec  .         Spirit   .     (no cloak)
rCorr  .         Warding  .     (no gloves)
rMut   .         Stasis   .     (no boots)
MR     .....                    f - amulet of inaccuracy (curse)
Stlth  ++........               (no ring)
                                (no ring)

@: not resistant to hostile enchantments, unstealthy
A: no striking features
a: no special abilities


You were on level 1 of the Dungeon.
You were not hungry.

You visited 1 branch of the dungeon, and saw 1 of its levels.

You collected 21 gold pieces.

Inventory:

Hand Weapons
 a - a +1 shortbow
 c - a +0 short sword (weapon)
Missiles
 b - 9 arrows
Armour
 d - a +0 leather armour (worn)
Jewellery
 f - a cursed amulet of inaccuracy (around neck)
Comestibles
 e - 2 bread rations


   Skills:
 + Level 2.3 Fighting
 * Level 6.0 Bows
 + Level 2.3 Dodging
 - Level 1.1 Stealth


You had one spell level left.
You didn't know any spells.

Dungeon Overview and Level Annotations

Branches:
Dungeon (1/15)

Altars:


Message History

Unknown command.
Unknown command.
Unknown command.
Unknown command.
ATTACKING (1,0)
You hit the jackal.
You kill the jackal!
Your Bows skill increases to level 6!
The jackal misses you.
The jackal bites you but does no damage.
Unknown command.
Unknown command.
Unknown command.
Unknown command.
ATTACKING (1,0)
You hit the kobold.
The kobold is heavily wounded.
The jackal closely misses you. The kobold hits you but does no damage.
The jackal bites you.
You die...

######## #.......
#.......
###########.......
#eK...(..##.......
#.h.(....##.......
#.................
#.............)###
######.........#
###......%..#
#.'.....)...#
.....#.........#
...............###


You could see a jackal and a kobold.

Table legend:
 A = Turns spent in this place as a percentage of turns spent in the entire game.
 B = Non-inter-level travel turns spent in this place as a percentage of non-inter-level travel turns spent in the entire game.
 C = Inter-level travel turns spent in this place as a percentage of turns spent in this place.
 D = Turns resting spent in this place as a percentage of non-inter-level travel turns spent in this place.
 E = Turns spent auto-exploring this place as a percentage of non-inter-level travel turns spent in this place.
 F = Non-inter-level travel turns spent in this place divided by the number of levels of this place that you've seen.
                   A       B       C       D       E      F
               +-------+-------+-------+-------+-------+----------------------
         Total | 100.0 | 100.0 |   0.0 |   0.5 |   2.4 | 1327.0
       Dungeon | 100.0 | 100.0 |   0.0 |   0.5 |   2.4 | 1327.0
               +-------+-------+-------+-------+-------+----------------------

Table legend:
 A = Kills in this place as a percentage of kills in entire the game.
 B = Kills by you in this place as a percentage of kills by you in the entire game.
 C = Kills by friends in this place as a percentage of kills by friends in the entire game.
 D = Other kills in this place as a percentage of other kills in the entire game.
 E = Experience gained in this place as a percentage of experience gained in the entire game.
 F = Experience gained in this place divided by the number of levels of this place that you have seen.
                   A       B       C       D       E      F
               +-------+-------+-------+-------+-------+----------------------
         Total | 100.0 | 100.0 |  -nan |  -nan | 100.0 |  29.0
       Dungeon | 100.0 | 100.0 |  -nan |  -nan | 100.0 |  29.0
               +-------+-------+-------+-------+-------+----------------------

Vanquished Creatures
  4 goblins (D:1)
  4 hobgoblins (D:1)
  2 jackals (D:1)
  A bat (D:1)
  A giant cockroach (D:1)
  A giant newt (D:1)
  4 kobolds (D:1)
  2 rats (D:1)
19 creatures vanquished.

Notes
Turn   | Place    | Note
--------------------------------------------------------------
     0 | D:1      | gw the High Elf Hunter began the quest for the Orb.
     0 | D:1      | Reached XP level 1. HP: 14/14 MP: 2/2
   169 | D:1      | Reached XP level 2. HP: 19/19 MP: 3/3
   705 | D:1      | HP: 1/20 [jackal (1)]
   708 | D:1      | Reached skill level 6 in Bows
   709 | D:1      | Slain by a jackal

Action                   || total
-------------------------++-------
Melee: Short sword       ||    49
 Fire: Shortbow          ||    48

Vault maps used:
D:1:      roderic_octagonal_star
